[Event "Titled Tuesday Blitz July 25 Late 2023"]
[White "Slovineanu, Viacheslav"]
[Black "Sabuk, Piotr"]
[WhiteFideId "13900510"]
[BlackFideId "1137565"]
[WhiteElo "2394"]
[BlackElo "2693"]
[Result "1-0"]
[Round "5"]
[TimeControl "180+2"]
[Date "2023.07.25"]
[WhiteClock "0:00:04"]
[BlackClock "0:00:00"]
[Board "53"]

1. d4 d5 2. Nf3 Nf6 3. c4 e6 4. e3 Be7 5. b3 O-O 6. Bd3 dxc4 7. bxc4 c5 8. O-O b6 9. Bb2 Bb7 10. Nc3 cxd4 11. exd4 Nc6 12. Qe2 Nxd4 13. Nxd4 Qxd4 14. Nd5 Qc5 15. Bxf6 gxf6 16. Qg4+ Kh8 17. Qh4 f5 18. Nxe7 Qe5 19. Rfe1 Qg7 20. Bf1 Rad8 21. Rad1 f6 22. Nxf5 exf5 23. g3 Bf3 24. Rxd8 Rxd8 25. Qf4 Be4 26. Bg2 Bxg2 27. Kxg2 Qd7 28. h4 Kg7 29. h5 Qc6+ 30. Kh2 Qd7 31. Re3 h6 32. Rf3 Rc8 33. Kg2 Rc5 34. Re3 Qf7 35. Qf3 Rxc4 36. Qa8 Rc7 37. Qd8 Rd7 38. Qc8 1-0


[Site "https://www.chess.com"]

[Event "Titled Tuesday Blitz July 25 Late 2023"]
[White "Indjic, Aleksandar"]
[Black "EsmeraldasAnderson03"]
[WhiteFideId "911925"]
[WhiteElo "2953"]
[BlackElo "2418"]
[Result "0-1"]
[Round "5"]
[TimeControl "180+2"]
[Date "2023.07.25"]
[WhiteClock "0:00:42"]
[BlackClock "0:00:26"]
[Board "54"]

1. d4 d5 2. c4 dxc4 3. e4 Nf6 4. e5 Nd5 5. Bxc4 Nb6 6. Bd3 Nc6 7. Ne2 Bg4 8. f3 Bh5 9. Nbc3 Qd7 10. Be3 O-O-O 11. Be4 e6 12. Bf2 Bg6 13. O-O h5 14. a4 Nd5 15. Nxd5 exd5 16. Bxg6 fxg6 17. Qc2 Qf5 18. Qxf5+ gxf5 19. Bh4 Be7 20. Bxe7 Nxe7 21. h4 Ng6 22. Kf2 Nxh4 23. Nf4 g5 24. Rh1 Nxf3 25. gxf3 gxf4 26. Rh4 Rdg8 27. Rxf4 h4 28. Rg1 h3 29. Rxg8+ Rxg8 30. Rh4 Rg2+ 31. Ke3 h2 32. b4 b6 33. Kf4 Rd2 34. Rxh2 Rxh2 35. Kxf5 Kd7 0-1


[Site "https://www.chess.com"]

[Event "Titled Tuesday Blitz July 25 Late 2023"]
[White "Mahdavirad, Mehdi"]
[Black "Stoyanov, Tsvetan"]
[WhiteFideId "12502669"]
[BlackFideId "2917173"]
[WhiteElo "2549"]
[BlackElo "2775"]
[Result "1-0"]
[Round "5"]
[TimeControl "180+2"]
[Date "2023.07.25"]
[WhiteClock "0:00:14"]
[BlackClock "0:00:00"]
[Board "55"]

1. b3 d5 2. Bb2 Bf5 3. e3 Nd7 4. Nf3 e6 5. d3 h6 6. Nbd2 Ngf6 7. h3 c6 8. a3 Bh7 9. g4 a5 10. Rg1 Qc7 11. h4 O-O-O 12. Qe2 h5 13. gxh5 Bf5 14. e4 dxe4 15. dxe4 Bg4 16. e5 Bxf3 17. Nxf3 Nxh5 18. O-O-O Bc5 19. Ng5 Nf4 20. Qe4 Rxh4 21. Nxf7 Rf8 22. Rxg7 Be7 23. Nd6+ Bxd6 24. Rxd6 Rd8 25. Kb1 Qb6 26. Bd4 Qc7 27. Be3 Nh5 28. Rg4 Rxg4 29. Qxg4 Rh8 30. Qxe6 Ng7 31. Qg4 Ne8 32. Re6 1-0


[Site "https://www.chess.com"]

[Event "Titled Tuesday Blitz July 25 Late 2023"]
[White "Gireman, Ja"]
[Black "Mekhitarian, Krikor Sevag"]
[WhiteFideId "5043794"]
[BlackFideId "2107660"]
[WhiteElo "2547"]
[BlackElo "2769"]
[Result "1-0"]
[Round "5"]
[TimeControl "180+2"]
[Date "2023.07.25"]
[WhiteClock "0:00:34"]
[BlackClock "0:00:14"]
[Board "56"]

1. e4 e6 2. d4 d5 3. Nc3 Nf6 4. Bg5 dxe4 5. Nxe4 Be7 6. Bxf6 gxf6 7. Nf3 f5 8. Ng3 h5 9. h4 c5 10. dxc5 Qa5+ 11. c3 Qxc5 12. Qd2 Nd7 13. O-O-O Nf6 14. Ng5 Kf8 15. Bd3 b6 16. Rhe1 Ng4 17. Re2 Bb7 18. f3 Ne5 19. Rde1 Nxd3+ 20. Qxd3 Rd8 21. Qc2 Qc4 22. Nxe6+ fxe6 23. Rxe6 Qf4+ 24. Kb1 Bxh4 25. Nxf5 Bxe1 26. Rf6+ Ke8 27. Ng7+ Ke7 28. Rxf4 Rd2 29. Qg6 1-0


[Site "https://www.chess.com"]

[Event "Titled Tuesday Blitz July 25 Late 2023"]
[White "Musovic, Armin"]
[Black "Wu, Derek"]
[WhiteFideId "939935"]
[BlackFideId "30914558"]
[WhiteElo "2528"]
[BlackElo "2766"]
[Result "1-0"]
[Round "5"]
[TimeControl "180+2"]
[Date "2023.07.25"]
[WhiteClock "0:01:38"]
[BlackClock "0:01:15"]
[Board "57"]

1. a3 g6 2. Nc3 Bg7 3. e4 d6 4. d4 a6 5. Bg5 h6 6. Bh4 b5 7. f4 Bb7 8. Nf3 Nf6 9. e5 dxe5 10. dxe5 Nd5 11. Qd2 Nxc3 12. Qxc3 O-O 13. Rd1 Qc8 14. Be2 Nc6 15. O-O Qe6 16. Rfe1 g5 17. Bg3 gxf4 18. Bxf4 Rad8 19. Bd3 Qg4 20. Bg3 Nd4 21. Nxd4 Qxd4+ 22. Qxd4 Rxd4 23. Bh7+ Kxh7 24. Rxd4 Bc6 25. Red1 f6 26. Rd8 Rxd8 27. Rxd8 fxe5 28. Rc8 Be4 29. Rxc7 Bf6 30. Bxe5 Bg5 31. Bd6 Kg6 32. Bxe7 Bf4 33. Rc8 Kf7 34. Bc5 Bb7 35. Rf8+ 1-0


[Site "https://www.chess.com"]

[Event "Titled Tuesday Blitz July 25 Late 2023"]
[White "ElDivis"]
[Black "Panesar Vedant"]
[BlackFideId "35033018"]
[WhiteElo "2541"]
[BlackElo "2701"]
[Result "0-1"]
[Round "5"]
[TimeControl "180+2"]
[Date "2023.07.25"]
[WhiteClock "0:00:01"]
[BlackClock "0:00:39"]
[Board "58"]

1. e4 e5 2. Nf3 Nf6 3. Nc3 Nc6 4. d4 exd4 5. Nxd4 Bb4 6. Nxc6 bxc6 7. Bd3 O-O 8. O-O d5 9. exd5 cxd5 10. h3 Rb8 11. Qf3 Rb6 12. Na4 Re6 13. Be3 d4 14. Bg5 Qd5 15. Qxd5 Nxd5 16. Bc4 Bb7 17. c3 Bd6 18. cxd4 Rg6 19. h4 h6 20. Bd3 f5 21. Bd2 Nb6 22. f3 Nxa4 23. b3 Nb6 24. a4 Re8 25. a5 Nd5 26. Bc4 c6 27. b4 a6 28. Rae1 Rge6 29. Rxe6 Rxe6 30. Bd3 g6 31. h5 g5 32. Bxf5 Re2 33. Be1 Ne3 34. Be6+ Kf8 35. Bd7 0-1


[Site "https://www.chess.com"]

[Event "Titled Tuesday Blitz July 25 Late 2023"]
[White "Chor, Kevin"]
[Black "Bernabeu Lopez, Carlos Javier"]
[WhiteFideId "2090740"]
[BlackFideId "2235366"]
[WhiteElo "2524"]
[BlackElo "2660"]
[Result "1-0"]
[Round "5"]
[TimeControl "180+2"]
[Date "2023.07.25"]
[WhiteClock "0:00:17"]
[BlackClock "0:01:22"]
[Board "59"]

1. e4 e5 2. Nf3 Nf6 3. Nxe5 Nxe4 4. d4 d6 5. Nf3 Be7 6. Bd3 Nf6 7. O-O O-O 8. h3 Nc6 9. c4 Nb4 10. Be2 Bf5 11. Na3 d5 12. Be3 dxc4 13. Nxc4 Nbd5 14. Bg5 c6 15. Nfe5 Bg6 16. Qb3 Rb8 17. Rfd1 Nd7 18. Bxe7 Qxe7 19. Nxd7 Qxd7 20. Ne5 Qd6 21. Rac1 Nb6 22. a4 Nd7 23. Nc4 Qe7 24. Bf3 Rfe8 25. Ne3 Nf6 26. a5 Be4 27. Bxe4 Qxe4 28. d5 cxd5 29. Nxd5 Nxd5 30. Rxd5 Re7 31. a6 Qf4 32. Rcd1 bxa6 33. Qa3 Rbe8 34. Qxe7 Rxe7 35. Rd8+ Re8 36. Rxe8# 1-0


[Site "https://www.chess.com"]

[Event "Titled Tuesday Blitz July 25 Late 2023"]
[White "Manukyan, Sargis A."]
[Black "Kirillov, Dmitry"]
[WhiteFideId "13303970"]
[BlackFideId "34180572"]
[WhiteElo "2659"]
[BlackElo "2465"]
[Result "1/2-1/2"]
[Round "5"]
[TimeControl "180+2"]
[Date "2023.07.25"]
[WhiteClock "0:00:14"]
[BlackClock "0:00:11"]
[Board "60"]

1. d4 Nf6 2. c4 e6 3. Nc3 Bb4 4. a3 Bxc3+ 5. bxc3 O-O 6. e3 d6 7. Bd3 e5 8. Ne2 e4 9. Bb1 Be6 10. Ng3 Bxc4 11. Nxe4 Nxe4 12. Bxe4 d5 13. Bd3 Bxd3 14. Qxd3 Nc6 15. O-O Na5 16. f3 f5 17. Ra2 c6 18. a4 Nc4 19. e4 fxe4 20. fxe4 Rxf1+ 21. Qxf1 Qh4 22. e5 Rf8 23. Rf2 Rxf2 24. Qxf2 Qxf2+ 25. Kxf2 Nb6 26. a5 Nc4 27. a6 bxa6 28. Ke2 a5 29. Kd3 a4 30. Kc2 Kf7 31. g4 Kg6 32. h3 Kf7 33. Bf4 h6 34. Bc1 a5 35. Bf4 Kg6 36. Bc1 h5 37. Bf4 hxg4 38. hxg4 Kf7 39. Bc1 Ke6 40. Bf4 c5 41. Bc1 cxd4 42. cxd4 g6 43. Kc3 Ke7 44. Bg5+ Ke6 45. Bc1 Kd7 46. Bg5 Kc6 47. Bf4 Na3 48. Kd3 Nc4 49. Kc3 Kd7 50. Bc1 a3 51. Kb3 a4+ 52. Ka2 Ke6 53. Bxa3 Ne3 54. g5 Nc2 55. Bc5 Ne1 56. Ka3 Nf3 57. Kxa4 Nxg5 58. Kb3 Ne4 59. Bb4 g5 60. Kc2 Kf5 61. Kd3 g4 62. Ke3 Ng5 63. Be1 Ne6 64. Bf2 Kg5 65. Bg3 Kf5 66. Bh4 Nc7 67. Bd8 Nb5 68. Ba5 Na3 69. Bc3 Nc4+ 70. Kf2 Ke4 71. e6 Kf5 72. e7 Nd6 73. Kg3 Ke6 74. Kxg4 Kxe7 75. Bb4 Ke6 76. Bxd6 Kxd6 77. Kf5 Kd7 78. Ke5 Kc6 79. Ke6 Kc7 80. Kf6 Kd6 81. Kg5 Ke6 82. Kg6 Ke7 83. Kf5 Kd6 84. Kf6 Kd7 85. Ke5 Kc6 86. Ke6 Kc7 87. Kxd5 Kd7 88. Ke5 Ke7 89. Kd5 Kd7 90. Kc5 Kc7 91. d5 Kd7 92. d6 Kd8 93. Kc6 Kc8 94. Kd5 Kd7 95. Ke5 Kd8 96. Ke6 Ke8 97. Kd5 Kd7 98. Kc5 Kd8 99. Kc4 Kd7 100. Kd5 Kd8 101. Ke5 Kd7 102. Kd5 Kd8 103. Ke6 Ke8 104. Kf6 Kd7 105. Ke5 Kd8 106. Kf6 Kd7 107. Ke5 1/2-1/2


[Site "https://www.chess.com"]

[Event "Titled Tuesday Blitz July 25 Late 2023"]
[White "Haydon, David L"]
[Black "Urbina Perez, Juan Antonio"]
[WhiteFideId "415405"]
[BlackFideId "2217368"]
[WhiteElo "2630"]
[BlackElo "2481"]
[Result "1-0"]
[Round "5"]
[TimeControl "180+2"]
[Date "2023.07.25"]
[WhiteClock "0:01:21"]
[BlackClock "0:00:22"]
[Board "61"]

1. d4 d5 2. Nc3 Nf6 3. Bf4 Bf5 4. e3 e6 5. Bd3 Bb4 6. Ne2 c5 7. Bxf5 exf5 8. dxc5 Ne4 9. Qd4 Bxc3+ 10. Nxc3 O-O 11. Nxe4 dxe4 12. O-O-O Qa5 13. Kb1 Nc6 14. Qd5 g6 15. h4 Rad8 16. Bd6 h5 17. Qb3 Rfe8 18. Qxb7 Rc8 19. a3 Qa4 20. Qb3 Qa6 21. Rd2 Na5 22. Qa4 1-0


[Site "https://www.chess.com"]

[Event "Titled Tuesday Blitz July 25 Late 2023"]
[White "Voege, Tobias"]
[Black "Gatterer, Florian"]
[WhiteFideId "1270513"]
[BlackFideId "811688"]
[WhiteElo "2626"]
[BlackElo "2439"]
[Result "1-0"]
[Round "5"]
[TimeControl "180+2"]
[Date "2023.07.25"]
[WhiteClock "0:00:49"]
[BlackClock "0:00:00"]
[Board "62"]

1. e4 c5 2. Nf3 e6 3. d4 cxd4 4. Nxd4 Nf6 5. Nc3 Nc6 6. Be3 Bb4 7. f3 d5 8. Bb5 Bd7 9. Bxc6 bxc6 10. e5 Ng8 11. a3 Ba5 12. b4 Bb6 13. Na4 Ne7 14. O-O c5 15. Nxc5 Bxc5 16. bxc5 Rc8 17. Rb1 O-O 18. Rb7 Nc6 19. Nxc6 Bxc6 20. Rxa7 Ra8 21. Rxa8 Qxa8 22. Qd3 Rb8 23. Re1 h6 24. Bd2 Qa4 25. Bb4 Qb5 26. Qd4 Qa4 27. c4 dxc4 28. Qxc4 Bd5 29. Qc3 Qc6 30. Qe3 Kh7 31. h4 Rg8 32. Kh2 Ra8 33. Rf1 Rd8 34. g4 Bc4 35. Rf2 Rd3 36. Qf4 Qd7 37. Qxc4 Rd1 38. Qc2+ Kg8 39. Rd2 Rxd2+ 40. Qxd2 Qb5 41. Kg2 Qe2+ 42. Qxe2 1-0


[Site "https://www.chess.com"]

[Event "Titled Tuesday Blitz July 25 Late 2023"]
[White "Lamaze, Simon"]
[Black "ChessSG1"]
[WhiteFideId "36069264"]
[WhiteElo "2621"]
[BlackElo "2390"]
[Result "0-1"]
[Round "5"]
[TimeControl "180+2"]
[Date "2023.07.25"]
[WhiteClock "0:00:06"]
[BlackClock "0:00:06"]
[Board "63"]

1. e4 c5 2. Nf3 e6 3. d4 cxd4 4. Nxd4 a6 5. h3 Nf6 6. Bd3 Qc7 7. O-O Nc6 8. Nxc6 dxc6 9. Nc3 e5 10. f4 Bc5+ 11. Kh1 h5 12. fxe5 Ng4 13. Bf4 Nf2+ 14. Rxf2 Bxf2 15. Qf3 Bd4 16. Qg3 Be6 17. Ne2 Bxb2 18. Rb1 Ba3 19. Bg5 h4 20. Qf4 Be7 21. Bxe7 Qxe7 22. Qf2 O-O 23. Qf4 Bxa2 24. Rf1 Rae8 25. Ra1 Be6 26. Nd4 Bc8 27. Nf3 f6 28. Nxh4 fxe5 29. Qg3 Qd6 30. Kh2 Qh6 31. Kh1 Qf4 32. Bc4+ Be6 33. Bxe6+ Rxe6 34. Qb3 Qf7 35. Nf5 Rf6 36. Qg3 Rg6 37. Qxe5 Qf6 38. Ne7+ Kf7 39. Qxf6+ Rxf6 40. Nf5 g6 41. Nh6+ Kg7 42. Ng4 Rf1+ 43. Rxf1 Rxf1+ 44. Kh2 a5 0-1


[Site "https://www.chess.com"]

[Event "Titled Tuesday Blitz July 25 Late 2023"]
[White "Andrews, Todd"]
[Black "Sargsyan, Anna M."]
[WhiteFideId "2012456"]
[BlackFideId "13308130"]
[WhiteElo "2377"]
[BlackElo "2576"]
[Result "0-1"]
[Round "5"]
[TimeControl "180+2"]
[Date "2023.07.25"]
[WhiteClock "0:00:00"]
[BlackClock "0:00:08"]
[Board "64"]

1. e4 c6 2. c4 d5 3. exd5 cxd5 4. cxd5 Nf6 5. Nc3 Nxd5 6. Nf3 Nc6 7. Bc4 Nb6 8. Bb3 e6 9. d4 Be7 10. O-O O-O 11. Re1 Nb4 12. a3 N4d5 13. Bc2 Bd7 14. Qd3 g6 15. h4 Rc8 16. h5 Nxc3 17. bxc3 Bf6 18. Ne5 Bxe5 19. Rxe5 Qc7 20. Bd2 Qc4 21. Qg3 Be8 22. Bd3 Qc7 23. Bh6 Nd7 24. Re3 Qxg3 25. Rxg3 Rxc3 26. a4 Nf6 27. Bxf8 Nxh5 28. Re3 Kxf8 29. Be4 Rc7 30. a5 Nf6 31. Bf3 Bb5 32. Rb1 a6 33. Rbe1 Rd7 34. Rc3 Rxd4 35. Rc8+ Kg7 36. Bxb7 Ra4 37. Rc7 Rxa5 38. Rxe6 Ra1+ 39. Kh2 Ra3 40. f3 Ne8 41. Rce7 Kf8 42. Re3 Rxe3 43. Rxe3 Nd6 44. Bd5 h5 45. Rc3 Kg7 46. Rc7 Kf6 47. f4 Kg7 48. Ra7 Kf6 49. g3 Kg7 50. Kg2 Kf6 51. Kf3 Kg7 52. Ke3 Nf5+ 53. Ke4 Nh6 54. Kd4 Nf5+ 55. Kc5 Nh6 56. Bf3 Nf5 57. g4 hxg4 58. Bxg4 Nh6 59. Bh3 Kf6 60. Bd7 Bxd7 61. Rxd7 Kf5 62. Ra7 Kxf4 63. Rxa6 Ng4 64. Kd5 f5 65. Ra4+ Kg5 66. Ke6 Nh6 67. Ra6 Ng4 68. Ra5 Nh6 69. Ra8 Kg4 70. Rg8 g5 71. Kf6 Kf4 72. Rxg5 Ng4+ 73. Kg6 Ne5+ 74. Kf6 Nd7+ 75. Kg6 Nf8+ 76. Kf6 Nh7+ 77. Kg6 Nxg5 78. Kh5 Ne4 79. Kh4 Ke3 80. Kh3 f4 81. Kg2 f3+ 82. Kf1 f2 83. Kg2 Nd2 0-1


[Site "https://www.chess.com"]

[Event "Titled Tuesday Blitz July 25 Late 2023"]
[White "Tarhan, Adar"]
[Black "Senft, Sean"]
[WhiteFideId "34544712"]
[BlackFideId "2044960"]
[WhiteElo "2567"]
[BlackElo "2326"]
[Result "1-0"]
[Round "5"]
[TimeControl "180+2"]
[Date "2023.07.25"]
[WhiteClock "0:01:16"]
[BlackClock "0:01:06"]
[Board "65"]

1. d4 d5 2. c3 Nf6 3. Bf4 e6 4. Nd2 Bd6 5. e3 b6 6. Ngf3 Bb7 7. Bd3 O-O 8. Bg3 c5 9. O-O Ne4 10. Bxe4 dxe4 11. Bxd6 Qxd6 12. Ng5 f5 13. dxc5 bxc5 14. Qb3 Bd5 15. c4 Bc6 16. Rad1 Qe7 17. Nh3 e5 18. Qa3 Nd7 19. Nb3 Rfc8 20. Na5 Nb6 21. Rd2 Be8 22. Rfd1 Bf7 23. Qc3 Rd8 24. Nc6 1-0


[Site "https://www.chess.com"]

[Event "Titled Tuesday Blitz July 25 Late 2023"]
[White "Caruana, Fabiano"]
[Black "Hamedi Nia, Vesal"]
[WhiteFideId "2020009"]
[BlackFideId "12542253"]
[WhiteElo "3110"]
[BlackElo "2466"]
[Result "1-0"]
[Round "5"]
[TimeControl "180+2"]
[Date "2023.07.25"]
[WhiteClock "0:01:58"]
[BlackClock "0:00:12"]
[Board "66"]

1. h4 d5 2. h5 h6 3. d3 Nf6 4. Bf4 Nc6 5. Nf3 Bg4 6. Ne5 Nxe5 7. Bxe5 e6 8. f3 Bf5 9. e4 Bh7 10. Nd2 Bd6 11. Bxd6 Qxd6 12. Qe2 Qb6 13. O-O-O O-O-O 14. Kb1 Kb8 15. Nb3 dxe4 16. fxe4 Nd7 17. Qe1 f5 18. exf5 exf5 19. Be2 Rhe8 20. Qf1 Ne5 21. Bf3 Nxf3 22. Qxf3 Re6 23. Nd2 Rde8 24. Nc4 Qc5 25. a3 Rd8 26. Qg3 Qd4 27. Rhe1 f4 28. Qh4 Rxe1 29. Rxe1 Rc8 30. Ne5 Bf5 31. Nf3 Qd6 32. Re5 Bxd3 33. cxd3 Qxd3+ 34. Ka1 Qd1+ 35. Ka2 Qc1 36. Qf2 Qc4+ 37. b3 Qd3 38. Qe2 Qd6 39. Re8 b6 40. Rxc8+ Kxc8 41. Qe4 a5 42. b4 a4 43. Qa8+ Kd7 44. Qxa4+ Ke7 45. Qc2 Qe6+ 46. Kb2 Qf6+ 47. Qc3 Qe6 48. Qxg7+ Kd8 49. Qe5 Qc6 50. Qxf4 Kc8 51. g4 Qd5 52. Qf5+ Qxf5 53. gxf5 1-0


[Site "https://www.chess.com"]

[Event "Titled Tuesday Blitz July 25 Late 2023"]
[White "Grigoriants, Sergey"]
[Black "Bobkov, Vadim"]
[WhiteFideId "4130804"]
[BlackFideId "34110876"]
[WhiteElo "2867"]
[BlackElo "2461"]
[Result "1-0"]
[Round "5"]
[TimeControl "180+2"]
[Date "2023.07.25"]
[WhiteClock "0:01:26"]
[BlackClock "0:00:22"]
[Board "67"]

1. d4 c5 2. d5 e6 3. Nc3 a6 4. a4 g6 5. e4 Bg7 6. Nf3 exd5 7. Nxd5 Nc6 8. c3 Nf6 9. Bc4 O-O 10. Bg5 d6 11. O-O Bg4 12. h3 Bxf3 13. Qxf3 Ne5 14. Qe2 h6 15. Nxf6+ Bxf6 16. Bxh6 Re8 17. Bd5 Rb8 18. f4 Nc6 19. Qg4 Kh7 20. Bxf7 1-0


[Site "https://www.chess.com"]

[Event "Titled Tuesday Blitz July 25 Late 2023"]
[White "Fiorito, Joaquin"]
[Black "Grossboss19"]
[WhiteFideId "180173"]
[WhiteElo "2784"]
[BlackElo "2464"]
[Result "1-0"]
[Round "5"]
[TimeControl "180+2"]
[Date "2023.07.25"]
[WhiteClock "0:00:39"]
[BlackClock "0:00:03"]
[Board "68"]

1. d4 Nf6 2. c4 e6 3. Nc3 Bb4 4. f3 d5 5. a3 Be7 6. e4 c5 7. e5 Nfd7 8. cxd5 exd5 9. f4 cxd4 10. Qxd4 Nb6 11. Nf3 Nc6 12. Qd1 Bg4 13. Be2 O-O 14. O-O Qd7 15. h3 Bxf3 16. Bxf3 Rfd8 17. Kh1 f5 18. Qd3 d4 19. Ne2 g6 20. Bd2 Qe6 21. Rac1 Rac8 22. b4 a6 23. Rfd1 Qd7 24. Be1 Nd5 25. Bf2 Kg7 26. g3 Nc7 27. Nxd4 Nxd4 28. Bxd4 Ne6 29. Rxc8 Qxc8 30. Qe3 Rxd4 31. Rxd4 Nxd4 32. Qxd4 Qc1+ 33. Kh2 Qxa3 34. e6+ Kh6 35. g4 fxg4 36. hxg4 Qa2+ 37. Kg3 g5 38. f5 Qb1 39. f6 Bxb4 40. f7 Qe1+ 41. Kg2 Be7 42. f8=Q+ Kg6 43. Qdg7# 1-0


[Site "https://www.chess.com"]

[Event "Titled Tuesday Blitz July 25 Late 2023"]
[White "Perske, Thore"]
[Black "Hambleton, Aman"]
[WhiteFideId "12902195"]
[BlackFideId "2606577"]
[WhiteElo "2460"]
[BlackElo "2764"]
[Result "0-1"]
[Round "5"]
[TimeControl "180+2"]
[Date "2023.07.25"]
[WhiteClock "0:00:38"]
[BlackClock "0:00:09"]
[Board "69"]

1. d4 e5 2. dxe5 Nc6 3. Nf3 Qe7 4. Bf4 Qb4+ 5. Bd2 Qxb2 6. Nc3 Bb4 7. Rb1 Qxc3 8. Bxc3 Bxc3+ 9. Nd2 Nxe5 10. e3 Nf6 11. Be2 Ne4 12. O-O Nxd2 13. Rb5 Nxf1 14. Bxf1 Nc6 15. Qd3 Bf6 16. c4 d6 17. c5 a6 18. Qe4+ Be7 19. cxd6 axb5 20. dxe7 Nxe7 21. Bxb5+ c6 22. Bd3 Bf5 23. Qc4 Bxd3 24. Qxd3 O-O 25. h4 Rfd8 26. Qe4 Nd5 27. h5 Nf6 28. Qf3 h6 29. g4 Ra4 30. g5 Rg4+ 31. Kf1 Rxg5 32. Qe2 Rxh5 33. Qb2 Rb5 34. Qc3 Ra8 35. a3 Rba5 36. Qb3 b5 37. Qc3 Rxa3 38. Qxc6 Rb8 39. Qc1 b4 40. Qb2 b3 41. e4 Ra2 42. Qe5 Raa8 43. Qb2 Nxe4 44. f3 Nd2+ 45. Ke2 Nc4 46. Qe5 b2 0-1


[Site "https://www.chess.com"]

[Event "Titled Tuesday Blitz July 25 Late 2023"]
[White "MateoReyes"]
[Black "Pakleza, Zbigniew"]
[BlackFideId "1119290"]
[WhiteElo "2459"]
[BlackElo "2761"]
[Result "0-1"]
[Round "5"]
[TimeControl "180+2"]
[Date "2023.07.25"]
[WhiteClock "0:00:26"]
[BlackClock "0:00:10"]
[Board "70"]

1. Nf3 d5 2. d4 Nf6 3. c4 c6 4. Nc3 Qb6 5. e3 Bf5 6. Be2 e6 7. O-O Nbd7 8. cxd5 exd5 9. Bd3 Bg6 10. Re1 Be7 11. e4 dxe4 12. Nxe4 O-O 13. Neg5 Bb4 14. Bd2 Nd5 15. Bxg6 hxg6 16. a3 Bd6 17. b4 Rfe8 18. Qc2 Nf8 19. Re4 Rxe4 20. Qxe4 f6 21. Nh3 g5 22. g4 Qc7 23. Re1 a6 24. Qf5 g6 25. Qc2 Qd7 26. Qe4 Kf7 27. Bxg5 fxg5 28. Nhxg5+ Kg8 29. Ne5 Bxe5 30. dxe5 Re8 31. e6 Qe7 32. h4 Qf6 33. f3 Re7 34. Kg2 Nxe6 35. Nxe6 Rxe6 36. Qxe6+ Qxe6 37. Rxe6 Nf4+ 38. Kg3 Nxe6 39. f4 Nd4 40. Kf2 Nc2 41. b5 cxb5 42. Ke2 Nxa3 43. Kd3 Nc4 44. Kd4 a5 45. h5 gxh5 46. gxh5 a4 47. f5 a3 48. f6 a2 49. h6 a1=Q+ 0-1


[Site "https://www.chess.com"]

[Event "Titled Tuesday Blitz July 25 Late 2023"]
[White "Bolourchifard, Farzad"]
[Black "Castella Garcia, Fausto"]
[WhiteFideId "12510084"]
[BlackFideId "3501922"]
[WhiteElo "2750"]
[BlackElo "2454"]
[Result "1-0"]
[Round "5"]
[TimeControl "180+2"]
[Date "2023.07.25"]
[WhiteClock "0:00:19"]
[BlackClock "0:00:04"]
[Board "71"]

1. d4 Nf6 2. Nf3 g6 3. Bg5 Bg7 4. e3 O-O 5. Be2 Ne4 6. Bh4 d5 7. O-O c5 8. c3 Nc6 9. Nbd2 Bf5 10. Nxe4 dxe4 11. Nd2 cxd4 12. cxd4 h5 13. Rc1 Rc8 14. Qb3 Qd7 15. Bb5 a6 16. Bxc6 Rxc6 17. Rxc6 Qxc6 18. Bxe7 Rc8 19. Nb1 Be6 20. Qa3 Qd7 21. Nc3 f5 22. Qd6 Qxd6 23. Bxd6 b5 24. a3 Bb3 25. Rc1 Kf7 26. h4 Ke6 27. Bc5 Bf6 28. g3 g5 29. hxg5 Bxg5 30. Kg2 Rg8 31. Rg1 h4 32. Kh3 hxg3 33. Rxg3 Kf6 34. Kg2 Bc4 35. Bd6 Kf7 36. Bf4 Bxf4 37. Rxg8 Kxg8 38. exf4 Kf7 39. Nd1 Ke6 40. Ne3 Be2 41. Kg3 Bf3 42. Kh4 Kf6 43. Kg3 Ke6 44. b4 Kf6 45. Kh4 Ke6 46. Kg5 Be2 47. Kg6 Bd3 48. d5+ Kd6 49. Kxf5 1-0


[Site "https://www.chess.com"]

[Event "Titled Tuesday Blitz July 25 Late 2023"]
[White "Krishna C R G"]
[Black "Toncheva, Nadya"]
[WhiteFideId "5018625"]
[BlackFideId "2924056"]
[WhiteElo "2749"]
[BlackElo "2453"]
[Result "1-0"]
[Round "5"]
[TimeControl "180+2"]
[Date "2023.07.25"]
[WhiteClock "0:00:41"]
[BlackClock "0:00:14"]
[Board "72"]

1. Nf3 c5 2. g3 Nc6 3. Bg2 g6 4. d4 cxd4 5. Nxd4 Bg7 6. Nb3 d6 7. O-O Be6 8. Nc3 Qd7 9. Re1 Nf6 10. e4 h5 11. Nd5 h4 12. Nf4 hxg3 13. hxg3 Bg4 14. f3 Be6 15. Be3 Nh5 16. Nxe6 Qxe6 17. Bf2 Bxb2 18. Rb1 Be5 19. f4 Bg7 20. e5 O-O 21. Bd5 Qh3 22. e6 Nf6 23. exf7+ Kh7 24. Bg2 Qg4 25. Qxg4 Nxg4 26. Bxc6 bxc6 27. Rxe7 Nxf2 28. Kxf2 Bf6 29. Re6 Kg7 30. Rxd6 Rac8 31. Na5 Rxf7 32. Nc4 Re7 33. Re1 Rxe1 34. Kxe1 Kf7 35. Rd7+ Ke6 36. Rxa7 Kd5 37. Nb6+ 1-0


[Site "https://www.chess.com"]

[Event "Titled Tuesday Blitz July 25 Late 2023"]
[White "Balla, Tamas-Kristof"]
[Black "Schnaider, Ilan"]
[WhiteFideId "1208497"]
[BlackFideId "169013"]
[WhiteElo "2449"]
[BlackElo "2737"]
[Result "0-1"]
[Round "5"]
[TimeControl "180+2"]
[Date "2023.07.25"]
[WhiteClock "0:00:05"]
[BlackClock "0:00:05"]
[Board "73"]

1. e4 c5 2. c3 Nf6 3. e5 Nd5 4. d4 cxd4 5. Nf3 e6 6. cxd4 Nc6 7. a3 d6 8. Bd3 dxe5 9. dxe5 Bc5 10. O-O h6 11. Qe2 Bb6 12. Rd1 Qc7 13. Be4 Nce7 14. Bd2 g5 15. Nc3 Bd7 16. Rac1 Qd8 17. Nxd5 exd5 18. Bb1 g4 19. Ne1 Nc6 20. Nd3 Nd4 21. Qe1 Rg8 22. Be3 Nf3+ 23. gxf3 gxf3+ 24. Kh1 Qh4 25. Qb4 Rg4 26. Nf4 Bxe3 27. fxe3 Bc6 28. Bf5 Rg5 29. Bh3 f2 30. Rxc6 bxc6 31. Qd6 Rd8 32. Qxc6+ Kf8 33. e6 Re5 34. exf7 Rxe3 35. Ne6+ Kxf7 36. Nxd8+ Qxd8 37. Qb7+ Kg8 38. Qxd5+ Qxd5+ 39. Rxd5 Re1+ 40. Bf1 Rxf1+ 41. Kg2 Rb1 42. Kxf2 Rxb2+ 43. Kg3 Rb3+ 44. Kh4 Rxa3 45. Rd6 Kg7 46. Kh5 Rh3+ 47. Kg4 Ra3 48. Rd7+ Kf6 49. h4 Ra6 50. Kh5 Ke6 51. Rd8 Ke7 52. Ra8 Kf7 53. Rh8 Kg7 54. Rb8 Rb6 55. Ra8 Rb5+ 56. Kg4 a5 57. Ra7+ Kf6 58. Ra6+ Kg7 59. Ra7+ Kf8 60. Ra6 h5+ 61. Kf4 Ke7 62. Ra7+ Kd6 63. Ra8 Kc5 64. Rc8+ Kb4 65. Ra8 a4 66. Ke4 a3 67. Kd3 Kb3 68. Kd2 Kb2 0-1


[Site "https://www.chess.com"]

[Event "Titled Tuesday Blitz July 25 Late 2023"]
[White "Matinian, Nikita"]
[Black "Moore, Nicholas"]
[WhiteFideId "24129100"]
[BlackFideId "4303709"]
[WhiteElo "2735"]
[BlackElo "2448"]
[Result "1-0"]
[Round "5"]
[TimeControl "180+2"]
[Date "2023.07.25"]
[WhiteClock "0:00:57"]
[BlackClock "0:00:11"]
[Board "74"]

1. e4 c5 2. Nf3 e6 3. d4 cxd4 4. Nxd4 Nc6 5. Nc3 Qc7 6. Be3 a6 7. g4 b5 8. Bg2 Bb7 9. Qd2 Ne5 10. O-O-O Nc4 11. Qe2 Nxe3 12. Qxe3 Bc5 13. Qg3 Bd6 14. Qd3 Bf4+ 15. Kb1 Ne7 16. Nce2 Ng6 17. h4 Be5 18. h5 Nf4 19. Nxf4 Bxf4 20. Ne2 Bc6 21. Nxf4 Qxf4 22. f3 h6 23. Rhe1 O-O 24. Qd2 Qxd2 25. Rxd2 e5 26. Red1 Rfd8 27. Bf1 Kf8 28. c4 b4 29. c5 Ke7 30. Rd6 a5 31. Bc4 Rac8 32. Rc1 Bb7 33. Rb6 Bc6 34. Bd5 Kf6 35. Rd1 Kg5 36. Bxc6 dxc6 37. Rxd8 Rxd8 38. Rxc6 Rd7 39. Kc2 Kf4 40. Rd6 Rc7 41. c6 Kxf3 42. Kd3 Kxg4 43. Kc4 Kxh5 44. Kc5 g5 45. Rd7 Rc8 46. Rxf7 Kg4 47. Kd6 h5 48. c7 h4 49. Kxe5 h3 50. Kd6 Kg3 51. e5 h2 52. Rh7 g4 53. Kd7 Ra8 54. c8=Q Ra7+ 55. Qc7 Rxc7+ 56. Kxc7 Kg2 57. e6 h1=Q 58. Rxh1 Kxh1 59. e7 g3 60. e8=Q g2 61. Qh5+ Kg1 62. Qxa5 1-0


[Site "https://www.chess.com"]